 Dungeon Crawl Stone Soup version 0.24.0-37-gcf1ca852f1 (webtiles) character file.

Game seed: 16748888586044644904, levelgen mode: deterministic

55 Heliosone the Slasher (level 4, 0/34 HPs)
             Began as a Human Gladiator on Nov 16, 2019.
             Succumbed to an adder's poison
             ... on level 3 of the Dungeon on Nov 22, 2019.
             The game lasted 00:04:20 (1410 turns).

Heliosone the Slasher (Human Gladiator)             Turns: 1410, Time: 00:04:21

Health: 0/34       AC:  4    Str: 16    XL:     4   Next: 14%
Magic:  4/4        EV: 13    Int:  8    God:
Gold:   78         SH:  0    Dex: 14    Spells: 3/3 levels left

rFire    . . .     SeeInvis .   a - +0 long sword
rCold    . . .     Gourm    .   (no shield)
rNeg     . . .     Faith    .   b - +0 leather armour
rPois    .         Spirit   .   c - +0 helmet
rElec    .         Reflect  .   (no cloak)
rCorr    .         Harm     .   (no gloves)
MR       .....                  (no boots)
Stlth    +.........             (no amulet)
HPRegen  0.11/turn              (no ring)
MPRegen  0.09/turn              (no ring)

@: lethally poisoned (0 -> -3)
A: no striking features
a: no special abilities


You were on level 3 of the Dungeon.
You were hungry.

You visited 1 branch of the dungeon, and saw 3 of its levels.

You collected 78 gold pieces.

Inventory:

Hand Weapons
 a - a +0 long sword (weapon)
Missiles
 d - 3 throwing nets (quivered)
Armour
 b - a +0 leather armour (worn)
 c - a +0 helmet (worn)
Jewellery
 g - a cursed ring of teleportation {unknown}
Scrolls
 e - a scroll of teleportation {unknown}
 h - 2 scrolls of enchant armour {unknown}
 i - 2 scrolls of identify {unknown}
 j - a scroll of fog {unknown}
Comestibles
 f - 5 rations


   Skills:
 + Level 2.8 Fighting
 + Level 3.6 Long Blades
 - Level 2.0 Throwing
 + Level 1.7 Armour
 - Level 3.0 Dodging


You had 3 spell levels left.
You didn't know any spells.
Your spell library was empty.

Dungeon Overview and Level Annotations

Branches:
Dungeon (3/15)

Altars:


Message History

You kill the kobold!
* * * LOW HITPOINT WARNING * * *
You feel sick. The adder misses you.
You riposte.
You hit the adder.
The adder is heavily wounded.
* * * LOW HITPOINT WARNING * * *
You feel sick. The adder barely misses you.
The adder bites you but does no damage. The adder bites you but does no damage.
* * * LOW HITPOINT WARNING * * *
You feel sick. The adder barely misses you. The adder misses you.
You riposte.
You closely miss the adder.
The adder is heavily wounded.
* * * LOW HITPOINT WARNING * * *
You feel sick. The adder bites you but does no damage.
The adder closely misses you. The adder closely misses you.
You riposte.
You miss the adder.
The adder is heavily wounded.
The adder misses you.
You riposte.
You hit the adder.
The adder is almost dead.
You die...

#..............
#...........[...
#..........#....
####.#....#.....
##.#.##>.....
#..........# ###
#.#........#
.(...##...)....)!#
#....)@.........#
#.....S#.........#
#......#........?..
#......#...........
#.....###...........
...... #...........
...... #........#..
#..... #..........#


You could see an adder.

Vanquished Creatures
  3 oozes
  2 dart slugs (D:1)
  A leopard gecko (D:1)
  A ball python (D:3)
  A giant cockroach (D:2)
  4 goblins
  4 hobgoblins
  2 jackals (D:1)
  3 kobolds
  7 bats
  A frilled lizard (D:2)
  8 rats
37 creatures vanquished.

Notes
Turn   | Place    | Note
-------+----------+-------------------------------------------
     0 | D:1      | Heliosone the Human Gladiator began the quest for the Orb.
     0 | D:1      | Reached XP level 1. HP: 16/16 MP: 1/1
    43 | D:1      | Reached XP level 2. HP: 5/22 MP: 2/2
    66 | D:1      | Reached skill level 1 in Armour
   325 | D:1      | Reached XP level 3. HP: 28/28 MP: 3/3
  1312 | D:2      | Reached XP level 4. HP: 23/34 MP: 4/4
  1380 | D:3      | Upgraded the game from 0.24.0-29-g8ce449bc06 to
                  | 0.24.0-37-gcf1ca852f1
  1407 | D:3      | HP: 1/34 [poisoned by an adder]
  1410 | D:3      | Succumbed to an adder's poison

Levels and vault maps discovered:
D:1:      tarquinn_simple_flora_water_c, layout_basic
D:2:      minmay_alternating_diamond, layout_rooms
D:3:      layout_rooms, chequers_temple_overflow_minitemple

Skill      XL: |  1  2 |
---------------+-------+-----
Armour         | 1 |  1.7
Fighting       | |  2.8
Long Blades    | |  3.6
Throwing       | |  2.0
Dodging        | |  3.0

Action                   |  1- 3 |  4- 6 || total
-------------------------+-------+-------++-------
Melee: Long sword        |    71 |     1 ||    72
 Stab: Sleeping          |     3 |       ||     3
  Eat: Chunk             |     1 |       ||     1
Armor: Leather armour    |    25 |    13 ||    38
Dodge: Dodged            |    56 |    30 ||    86
       Rpst.: Long sword |    19 |     9 ||    28
